AoeStats
← TheWalker6055

MegaRandom

508595300Analyzed
4v4 RM · 10d ago on Sep 23, 2026· 63m 48s· 8 players
Game mode
Random Map
Map size
Large (8 player)
Population
200
Speed
Normal
Resources
Standard
Victory
Conquest
Starting age
Dark Age
Ending age
Imperial Age
RankedLock teamsTeams togetherTeam positionsShared explorationLock speedFull tech treeHidden civsTurbo modeCheats
Victory
Defeat
🇺🇸 Varangians · United States
1019
+12
🇨🇦 Bohemians · Canada
998
+13
🇲🇽 Vikings · Mexico
916
+16
🇮🇳 Celts · India
910
+16
🇺🇸 Bulgarians · United States
941
-44
🇲🇽 Franks · Mexico
925
-14
🇳🇮 Koreans · Nicaragua
922
-14
🇺🇸 Malians · United States
904
-21
rick_m94
15:55 Feudal Age
16:55 Double-Bit Axe
23:13 Castle Age
26:57 Wheelbarrow
27:07 Husbandry
28:09 Scale Barding Armor
28:18 Forging
28:59 Hand Cart
40:17 Bow Saw
41:55 Iron Casting
41:40 Chain Barding Armor
43:48 Chain Barding Armor
42:57 Light Cavalry
46:06 Scale Mail Armor
45:28 Pikeman
45:53 Gambesons
46:09 Squires
47:36 Ballistics
47:13 Murder Holes
47:01 Treadmill Crane
51:00 Imperial Age
52:32 Cavalier
54:12 Plate Barding Armor
54:38 Blast Furnace
hotellingdavid73
19:37 Feudal Age
26:09 Bloodlines
37:49 Castle Age
36:50 Wheelbarrow
36:00 Horse Collar
40:22 Heavy Plow
40:12 Double-Bit Axe
43:25 Husbandry
48:09 Light Cavalry
49:24 Gold Mining
49:25 Stone Mining
nickvictory98
13:57 Feudal Age
14:14 Man-at-Arms
29:03 Castle Age
27:48 Bloodlines
31:17 Light Cavalry
32:28 Husbandry
35:39 Squires
38:38 Wheelbarrow
37:45 Pikeman
49:30 Scale Barding Armor
49:27 Scale Mail Armor
52:05 Imperial Age
52:59 Cavalier
56:26 Chain Barding Armor
56:11 Tigui
56:46 Farimba
Nic94-Necrophos-Papo
8:30 Loom
18:02 Feudal Age
23:43 Castle Age
21:41 Horse Collar
21:53 Double-Bit Axe
22:35 Forging
23:00 Gold Mining
24:55 Heavy Plow
25:12 Arson
35:50 Bow Saw
44:06 Wheelbarrow
43:17 Town Watch
44:24 Pikeman
45:05 Squires
45:29 Hand Cart
45:14 Town Patrol
49:12 Scale Mail Armor
49:48 Iron Casting
Rodent Born Out of Wedlock
6:27 Loom
14:47 Feudal Age
16:37 Bloodlines
17:10 Scale Barding Armor
24:43 Castle Age
24:36 Gold Mining
24:59 Double-Bit Axe
24:59 Horse Collar
26:56 Forging
38:06 Wheelbarrow
37:41 Heavy Plow
48:45 Husbandry
49:24 Iron Casting
49:10 Chain Barding Armor
55:42 Hand Cart
58:24 Caravan
E1GHTZ
Leinad89
5:07 Loom
16:44 Feudal Age
17:42 Horse Collar
23:15 Castle Age
22:40 Forging
24:37 Iron Casting
24:17 Light Cavalry
26:28 Scale Barding Armor
27:16 Squires
27:03 Arson
29:10 Scale Mail Armor
36:41 Double-Bit Axe
37:19 Chain Barding Armor
38:20 Heavy Plow
39:18 Chain Mail Armor
39:56 Chieftains
53:50 Imperial Age
56:25 Conscription
55:45 Elite Varangian Guard
59:50 Caravan
61:52 Elite Berserk
62:56 Bow Saw
65:10 Blast Furnace
64:41 Plate Mail Armor
TheWalker6055
4:57 Loom
5:56 Loom
18:54 Feudal Age
19:50 Double-Bit Axe
19:47 Horse Collar
20:43 Wheelbarrow
19:54 Town Watch
20:34 Gold Mining
20:34 Stone Mining
20:16 Man-at-Arms
20:42 Arson
27:38 Castle Age
25:44 Arson
27:04 Scale Mail Armor
27:16 Forging
26:56 Fletching
27:06 Padded Archer Armor
28:08 Fletching
28:19 Padded Archer Armor
28:19 Gambesons
28:20 Long Swordsman
29:47 Bow Saw
30:37 Heavy Plow
33:14 Hand Cart
45:37 Imperial Age
43:02 Stronghold
46:29 Elite Woad Raider
48:36 Iron Casting
48:16 Chain Mail Armor
48:07 Scale Barding Armor
48:37 Town Patrol
49:02 Capped Ram
50:03 Two-Handed Swordsman
50:03 Pikeman
51:59 Hoardings
51:44 Conscription
53:20 Gold Shaft Mining
53:20 Stone Shaft Mining
53:51 Blast Furnace
53:22 Plate Mail Armor
61:02 Furor Celtica
61:13 Conscription
60:23 Sappers
63:53 Scale Barding Armor
63:19 Halberdier
63:19 Champion
64:11 Bodkin Arrow
64:16 Padded Archer Armor
Connection lost

Rejoining the realm…

Still unreachable

The connection could not be restored.

Session expired

The server has moved on; the page needs a fresh start.